 Dungeon Crawl Stone Soup version 0.30.1 (webtiles) character file.

Game seed: 10755971158758798204

179 AgateBread the Trooper (level 5, -2/59 HPs)
             Began as an Ogre Delver on July 9, 2023.
             Slain by an iguana (13 damage)
             ... on level 3 of the Dungeon.
             The game lasted 00:11:18 (2658 turns).

AgateBread the Trooper (Ogre Delver)                Turns: 2658, Time: 00:11:19

Health: -2/59      AC:  3    Str: 16    XL:     5   Next: 59%
Magic:  5/5        EV: 10    Int: 11    God:
Gold:   79         SH:  0    Dex: 12    Spells: 4/4 levels left

rFire   . . .        a - +0 hand axe
rCold   . . .        (no shield)
rNeg    . . .        b - +0 robe
rPois   .            (helmet restricted)
rElec   .            (no cloak)
rCorr   .            (gloves unavailable)
SInv    .            (boots unavailable)
Will    .....        (no amulet)
Stlth   ++           (no ring)
HPRegen 0.29/turn    (no ring)
MPRegen 0.09/turn

%: no passive effects
@: no status effects
A: large, unfitting armour, tough skin 1
a: no special abilities


You were on level 3 of the Dungeon.
You visited 1 branch of the dungeon, and saw 3 of its levels.

You collected 79 gold pieces.

Inventory:

Hand Weapons
 a - a +0 hand axe (weapon)
 e - a +0 short sword of flaming
 i - a +0 whip
 k - a +0 dagger of speed
Missiles
 h - 7 stones (quivered)
Armour
 b - a +0 robe (worn)
Wands
 g - a wand of digging (3)
Scrolls
 c - a scroll of silence {unknown}
 d - 2 scrolls of magic mapping
 j - a scroll of vulnerability {unknown}
 l - a scroll of immolation {unknown}
 m - a scroll of brand weapon {unknown}
Potions
 f - a potion of lignification


   Skills:
 + Level 5.6 Fighting
 + Level 3.5 Axes
 + Level 2.5 Throwing
 - Level 1.7 Dodging
 - Level 3.7 Stealth
 - Level 0.6 Evocations


You had 4 spell levels left.
You didn't know any spells.
Your spell library contained the following spells:

 Spells                   Type           Power      Damage    Failure   Level
 Beastly Appendage        Tmut           0%         N/A       34%         1
 Wereblood                Tmut           0%         N/A       47%         2
 Portal Projectile        Hex/Tloc       0%         N/A       71%         3
 Spider Form              Tmut/Pois      0%         N/A       71%         3
 Tukima's Dance           Hex            0%         N/A       71%         3
 Blade Hands              Tmut           0%         N/A       100%        5


Dungeon Overview and Level Annotations

Branches:
Dungeon (5/15)
 Temple: D:4-7

Altars:


Innate Abilities, Weirdness & Mutations

You are too large for most types of armour.
You have tough skin. (AC +1)


Message History

You hit the hobgoblin but do no damage. The hobgoblin hits you.
You barely miss the hobgoblin. The hobgoblin hits you.
You completely miss the hobgoblin. The hobgoblin closely misses you.
You hit the hobgoblin but do no damage. The hobgoblin closely misses you.
You hit the hobgoblin but do no damage. The hobgoblin hits you.
The hobgoblin barely misses you.
You barely miss the hobgoblin. The hobgoblin closely misses you.
You hit the hobgoblin.
You kill the hobgoblin!
You hit the iguana.
The iguana is moderately wounded.
The iguana barely misses you.
You hit the iguana.
The iguana is moderately wounded.
The iguana bites you!
An adder comes into view.
You hit the iguana but do no damage.
The iguana is moderately wounded.
The iguana bites you.
You hit the iguana but do no damage.
The iguana is moderately wounded.
The iguana barely misses you.
You barely miss the iguana.
The iguana is moderately wounded.
The iguana bites you but does no damage.
The iguana bites you!
You hit the iguana but do no damage.
The iguana is moderately wounded.
The iguana bites you!
No other quiver actions available for cycling.
No other quiver actions available for cycling.
You hit the iguana.
The iguana is heavily wounded.
The iguana closely misses you. The iguana attacks as you move away!
The iguana bites you!
* * * LOW HITPOINT WARNING * * *
The iguana bites you.
* * * LOW HITPOINT WARNING * * *
The iguana attacks as you move away! The iguana bites you!
You die...

#...).............#
####..#........####
.......#..รท...##
######........##
#.............#
#.##.......##.#
#.####..##.# #.#
#..##.# #.# #..@.##
#.# #.##lS#
######.###...##.#
####..........# #r#
..>..###.###### #..
########.# ###.
#..# .. #.## ..
##.# ...


You could see an iguana, an adder and a quokka.

Vanquished Creatures
  A centaur (D:4)
  A howler monkey (D:4)
  A jelly (D:4)
  An adder (D:4)
  A worm (D:3)
  2 orcs (D:4)
  A giant cockroach (D:4)
  A goblin (D:4)
  4 hobgoblins
  2 quokkas
  A ball python (D:4)
  3 kobolds (D:4)
  A rat (D:3)
20 creatures vanquished.

Notes
Turn   | Place    | Note
-------+----------+-------------------------------------------
     0 | D:5      | AgateBread the Ogre Delver began the quest for the Orb.
     0 | D:5      | Reached XP level 1. HP: 24/24 MP: 1/1
    33 | D:5      | Noticed a black bear
    51 | D:5      | Noticed a hound
   455 | D:4      | Noticed a centaur
   810 | D:4      | Reached XP level 2. HP: 28/32 MP: 2/2
   887 | D:4      | Noticed a howler monkey
   910 | D:4      | Killed a howler monkey
   911 | D:4      | Reached skill level 1 in Throwing
   911 | D:4      | Reached XP level 3. HP: 18/41 MP: 3/3
   911 | D:4      | Reached XP level 4. HP: 22/49 MP: 4/4
  1168 | D:4      | Noticed a sky beast
  1414 | D:4      | Killed a centaur
  1415 | D:4      | Reached skill level 5 in Fighting
  1415 | D:4      | Reached XP level 5. HP: 12/57 MP: 5/5
  2658 | D:3      | Slain by an iguana

Illustrated notes

Levels and vault maps discovered:
D:3:      layout_rooms, kennysheep_generic_room_3
D:4:      layout_basic, grunt_ministairs_3
D:5:      layout_loops_ring, kennysheep_generic_room_11, uniq_grinder

Skill      XL: |  1  2  3  4 |
---------------+-------------+-----
Throwing       | 1 2 |  2.5
Fighting       | 5 |  5.6
Axes           | 3 |  3.5
Dodging        | |  1.7
Stealth        | |  3.7
Evocations     | |  0.6

Action                     |  1- 3 |  4- 6 || total
---------------------------+-------+-------++-------
  Melee: Hand axe          |    42 |    45 ||    87
         Punch             |       |     2 ||     2
  Throw: Stone             |     3 |     4 ||     7
    Use: Scroll            |     1 |     1 ||     2
         Potion            |     1 |     1 ||     2
   Stab: Sleeping          |     3 |       ||     3
 Armour: Robe              |    14 |     8 ||    22
         Skin              |       |     4 ||     4
  Dodge: Dodged            |    22 |    32 ||    54
